 Dungeon Crawl Stone Soup version 0.28-a0-948-gee6e0bcda6 (webtiles) character file.

Game seed: 15361612787641557823

60 BinkBink the Skirmisher (level 3, -9/33 HPs)
             Began as a Minotaur Monk on Nov 30, 2021.
             Was an Elder of Cheibriados.
             Mangled by Sigmund (12 damage)
             ... on level 2 of the Dungeon.
             The game lasted 00:03:07 (1544 turns).

BinkBink the Skirmisher (Minotaur Monk)             Turns: 1544, Time: 00:03:08

Health: -9/33      AC:  3    Str: 24    XL:     3   Next: 80%
Magic:  2/2        EV: 14    Int: 16    God:    Cheibriados [****..]
Gold:   73         SH:  0    Dex: 22    Spells: 2/2 levels left

rFire   . . .      SeeInvis .   a - +0 short sword
rCold   . . .      Faith    .   (no shield)
rNeg    . . .      Spirit   .   b - +1 robe
rPois   .          Reflect  .   (helmet restricted)
rElec   .          Harm     .   (no cloak)
rCorr   .          Rampage  .   (no gloves)
Will    .....                   (no boots)
Stlth   ++........              (no amulet)
HPRegen 0.11/turn               (no ring)
MPRegen 0.08/turn               (no ring)

@: mighty, very slow
A: horns 2, retaliatory headbutt
a: Renounce Religion, Bend Time, Temporal Distortion, Slouch


You were on level 2 of the Dungeon.
You worshipped Cheibriados.
Cheibriados was greatly pleased with you.
You visited 1 branch of the dungeon, and saw 2 of its levels.

You collected 73 gold pieces.

Inventory:

Hand Weapons
 a - a +0 short sword (weapon)
Armour
 b - a +1 robe (worn)
Jewellery
 c - a ring of magical power
 e - a ring of ice
Wands
 g - a wand of flame (8)
Scrolls
 d - 2 scrolls of identify {unknown}
 h - a scroll of fog {unknown}


   Skills:
 + Level 4.2 Fighting
 + Level 4.0 Short Blades
 * Level 1.6 Armour
 + Level 3.8 Dodging
 - Level 1.5 Stealth


You had 2 spell levels left.
You didn't know any spells.
Your spell library contained the following spells:

 Spells                   Type           Power      Damage    Failure   Level
 Summon Small Mammal      Summ           0%         N/A       26%         1
 Call Canine Familiar     Summ           0%         N/A       58%         3
 Summon Guardian Golem    Hex/Summ       0%         N/A       58%         3


Dungeon Overview and Level Annotations

Branches:
Dungeon (2/15)

Altars:
Cheibriados

Annotations:
D:2 Sigmund


Innate Abilities, Weirdness & Mutations

You have a pair of horns on your head.
You reflexively headbutt those who attack you in melee.


Message History

Sigmund hits you but does no damage.
You bump into the rock wall.
A goblin comes into view. It is wielding a +0 club.
Sigmund misses you.
You feel less confused. Sigmund closely misses you. You furiously retaliate!
You headbutt Sigmund. Sigmund casts a spell at you.
You are confused.
Sigmund hits you from afar with a +0 scythe.
You hit the hobgoblin but do no damage. You headbutt the hobgoblin.
You kill the hobgoblin!
Cheibriados thoroughly appreciates the change of pace.
You're too confused to move!
Sigmund hits you from afar with a +0 scythe!
You bump into the rock wall.
The goblin misses you.
Sigmund casts a spell.
Sigmund flickers and vanishes!
Deactivating autopickup; reactivate with Ctrl-A.
You're too confused to move!
The goblin hits you but does no damage. Something hits you but does no damage.
You bump into the rock wall.
The goblin misses you.
You feel less confused. The goblin hits you with a +0 club.
A ball python comes into view.
You see here 14 stones.
The goblin misses you. You furiously retaliate!
You headbutt the goblin.
You kill the goblin!
Cheibriados appreciates the change of pace.
Something hits you.
* * * LOW HITPOINT WARNING * * *
It was a potion of might.
You feel very mighty all of a sudden. Something hits you.
* * * LOW HITPOINT WARNING * * *
As you read the scroll labelled ZOEDOI BYMOP, it crumbles to dust.
It is a scroll of enchant armour.
Your +0 robe glows green for a moment.
Something completely misses you. Something hits you!
You die...

..##.# ..##.#######
..##........ ....###.....
#### ..#.# .... #... ..#...
... #... .###### .. #$S.
####### ...########
#...######. .......
.......@..# #...<......
####### ...######)#
#...###...# # #.# #... # .#
####### ########†## #....#
......#####.........###..S.$
.......)..'.................
......#####.......#.###.####
......# #.......#..##.
......# #.......#..#


There were no monsters in sight!

Vanquished Creatures
  2 adders (D:2)
  An ufetubus (D:2)
  5 endoplasms
  5 giant cockroaches
  4 hobgoblins
  3 ball pythons
  A bat (D:1)
  A frilled lizard (D:2)
  5 goblins (D:2)
  4 kobolds
  3 rats (D:1)
34 creatures vanquished.

Notes
Turn   | Place    | Note
-------+----------+-------------------------------------------
     0 | D:1      | BinkBink the Minotaur Monk began the quest for the Orb.
     0 | D:1      | Reached XP level 1. HP: 19/19 MP: 0/0
    39 | D:1      | Found a faded altar of an unknown god.
    48 | D:1      | Prayed at the altar of an unknown god.
    48 | D:1      | Became a worshipper of Cheibriados the Contemplative
    48 | D:1      | Reached * piety under Cheibriados
    48 | D:1      | Reached ** piety under Cheibriados
   268 | D:1      | Reached *** piety under Cheibriados
   283 | D:1      | Reached XP level 2. HP: 23/27 MP: 1/1
   730 | D:1      | Reached skill level 1 in Armour
   902 | D:2      | Noticed Sigmund
  1177 | D:2      | Reached XP level 3. HP: 33/33 MP: 2/2
  1496 | D:2      | Reached **** piety under Cheibriados
  1544 | D:2      | Mangled by Sigmund

Illustrated notes

Levels and vault maps discovered:
D:1:      dpeg_arrival_rooms_b, layout_basic,
          chequers_ecumenical_altar_simple_redux
D:2:      layout_basic, chequers_garden, uniq_sigmund

Skill      XL: |  1  2  3 |
---------------+----------+-----
Armour         | 1 |  1.6
Fighting       | 4 |  4.2
Short Blades   | 4 |  4.0
Dodging        | |  3.8
Stealth        | |  1.5

Action                   || total
-------------------------++-------
Melee: Short sword       ||    46
       Headbutt          ||    12
  Use: Scroll            ||     1
       Potion            ||     1
 Stab: Sleeping          ||     7
Armor: Robe              ||     5
Dodge: Dodged            ||    30

Table legend: (Time is in decaauts)
 A = Elapsed time spent in this place.
 B = Non-inter-level travel time spent in this place.
 C = Inter-level travel time spent in this place.
 D = Time resting spent in this place.
 E = Time spent auto-exploring this place.
 F = Levels seen in this place.
 G = Mean time per level.
                   A        B        C        D        E       F      G
               +--------+--------+--------+--------+--------+-----+--------+
         Total |   2090 |   2004 |     86 |      0 |   1758 |   2 | 1045.0 |
       Dungeon |   2090 |   2004 |     86 |      0 |   1758 |   2 | 1045.0 |
               +--------+--------+--------+--------+--------+-----+--------+

Top non-repeatable levels by time:
     D:1: 1400 daAuts
     D:2: 690 daAuts
